 Dungeon Crawl Stone Soup version 0.32-a0-18-g89e19f1974 (webtiles) character file.

Game seed: 1757730638429369626

43004 Newt the Markskobold (level 14, -2/75 HPs)
             Began as a Kobold Hunter on Jan 16, 2024.
             Was a High Priest of Hepliaklqana.
             Slain by Rupert
             ... wielding a +2 vampiric great sword
              (32 damage)
             ... on level 15 of the Dungeon.
             The game lasted 00:24:28 (16476 turns).

Newt the Markskobold (Kobold Hunter)               Turns: 16476, Time: 00:24:29

Health: -2/75      AC: 13    Str:  9    XL:     14   Next: 58%
Magic:  0/36       EV: 20    Int: 14    God:    Hepliaklqana [*****.]
Gold:   750        SH:  0    Dex: 24    Spells: 28/32 levels left

rFire   . . .        J - +4 shortbow
rCold   . . .        (shield currently unavailable)
rNeg    . . .        H - +3 troll leather armour
rPois   .            A - +1 helmet {Int+3}
rElec   .            D - +1 cloak
rCorr   .            o - +1 pair of gloves
SInv    .            j - +0 pair of boots
Will    +....        k - amulet of guardian spirit
Stlth   ++++++       n - ring of magical power
HPRegen 1.12/turn    r - ring of flight
MPRegen 0.25/turn

%: guardian spirit
@: about to teleport, flying
A: reduced essence, small, no large weapons, nightstalker 3, thin skeletal
structure 1
a: Renounce Religion, Recall Ancestor, Ancestor Identity, Transference, Idealise


You were on level 15 of the Dungeon.
You worshipped Hepliaklqana.
Hepliaklqana was extremely pleased with you.
You visited 1 branch of the dungeon, and saw 15 of its levels.

You collected 1254 gold pieces.
You spent 504 gold pieces at shops.

Inventory:

Hand Weapons
 a - a +1 shortbow of flaming
 J - a +4 shortbow (weapon)
Armour
 c - a +0 leather armour
 j - a +0 pair of boots (worn)
 o - a +1 pair of gloves (worn)
 s - a +0 hat
 x - a +1 leather armour of fire resistance
 A - a +1 helmet of intelligence (worn)
 D - a +1 cloak (worn)
 H - a +3 troll leather armour (worn)
Jewellery
 k - an amulet of guardian spirit (around neck)
 n - a ring of magical power (left hand)
 r - a ring of flight (right hand)
 B - an amulet of the acrobat
 C - an amulet of magic regeneration
Wands
 i - a wand of iceblast (10)
 u - a wand of flame (22)
Scrolls
 e - 5 scrolls of immolation
 g - 2 scrolls of noise
 h - 3 scrolls of teleportation
 q - 2 scrolls of torment
 v - 2 scrolls of revelation
 y - 2 scrolls of blinking
 F - 2 scrolls of vulnerability
 I - 2 scrolls of fear
 K - a scroll of fog
 L - a scroll of identify
Potions
 d - 3 potions of curing
 f - a potion of cancellation
 l - a potion of attraction
 m - 6 potions of might
 p - 2 potions of heal wounds
 t - 2 potions of mutation
 w - 3 potions of degeneration
 z - 2 potions of lignification
 E - 2 potions of magic
 G - a potion of resistance


   Skills:
 - Level 8.0 Fighting
 + Level 16.1 Ranged Weapons
 - Level 8.0 Dodging
 - Level 6.0 Stealth
 - Level 9.6 Spellcasting
 - Level 9.4 Hexes
 - Level 9.4 Translocations
 - Level 9.0 Invocations
 - Level 6.0 Evocations


You had 28 spell levels left.
You knew the following spells:

 Your Spells              Type           Power      Damage    Failure   Level
a - Dimensional Bullseye  Hex/Tloc       16%        N/A       3%          4

Your spell library contained the following spells:

 Spells                   Type           Power      Damage    Failure   Level
 Sigil of Binding         Hex            33%        N/A       1%          3
 Dazzling Flash           Conj/Hex       38%        N/A       7%          3
 Volatile Blastmotes      Fire/Tloc      38%        2d13      7%          3
 Sting                    Conj/Alch      24%        1d4       16%         1
 Cigotuvi's Dreadful Rot  Necr/Alch/Air  12%        N/A       24%         2
 Mercury Vapours          Alch/Air       12%        N/A       24%         2
 Call Canine Familiar     Summ           6%         N/A       43%         3
 Stone Arrow              Conj/Erth      12%        3d7       43%         3
 Ignite Poison            Fire/Alch      6%         N/A       83%         4
 Leda's Liquefaction      Alch/Erth      3%         N/A       83%         4
 Olgreb's Toxic Radiance  Alch           6%         N/A       83%         4
 Petrify                  Alch/Erth      6%         N/A       83%         4
 Freezing Cloud           Conj/Ice/Air   3%         6-21      99%         5
 Bombard                  Conj/Erth      3%         9d1       100%        6
 Starburst                Conj/Fire      3%         6d3       100%        6
 Maxwell's Capacitive Co  Air            3%         ∞         100%        8


Dungeon Overview and Level Annotations

Branches:
Dungeon (15/15)            Temple (0/1) D:5            Lair (0/5) D:10
    Orc (0/2) D:9          Vaults (0/5) D:13
 Depths: D:15

Altars:
Elyvilon
Gozag
Hepliaklqana
Kikubaaqudgha
Okawaru
Ru
Wu Jian
The Shining One

Shops:
D:2 ?   D:8 :   D:11 :*

Annotations:
D:15 Rupert


Innate Abilities, Weirdness & Mutations

Your life essence is reduced to manifest your ancestor. (-10% HP)
You are small and have problems with some larger weapons.
You are completely attuned to the shadows.
You have a somewhat thin skeletal structure. (Dex +2, Stealth+)


Message History

Rupert is heavily wounded.
Rupert closely misses you.
Okay, then.
Unknown command.
Unknown command.
You shoot an arrow. The arrow closely misses Rupert.
Rupert completely misses you.
Unknown command.
You shoot an arrow. The arrow hits Rupert!
Rupert is heavily wounded.
Rupert hits you with a +2 vampiric great sword!!
Rupert draws strength from your wounds!
Unknown command.
You shoot an arrow. The arrow hits Rupert!
Rupert is heavily wounded.
Rupert hits you with a +2 vampiric great sword!
Rupert draws strength from your wounds! Rupert completely misses you.
Unknown command.
You shoot an arrow. The arrow hits Rupert!
Rupert is heavily wounded.
Rupert closely misses you.
Unknown command.
You shoot an arrow.
The arrow hits Rupert but does no damage.
Rupert is heavily wounded.
Rupert hits you with a +2 vampiric great sword!!
Unknown command.
Rupert misses you.
Rupert hits you with a +2 vampiric great sword!!
Rupert draws strength from your wounds!
Okay, then.
Unknown command.
You feel much better.
Rupert hits you with a +2 vampiric great sword!
Unknown command.
As you read the scroll of teleportation, it crumbles to dust.
You feel strangely unstable. Rupert hits you but does no damage.
Rupert hits you with a +2 vampiric great sword!!!
You die...
Rupert roars with triumph.

#..###.###.### #.#
#..#..#.^....###.#
####..#.#R##..#..##.#
.....<#.......#.#(#..
###.##........###.##
#.##.......#.#.##
####.##.####.##..##
....@...# #.##..
####@#### #.. #.# #..
#.. ####


You could see Rupert (berserk).

Vanquished Creatures
  Jorgrun (D:13)
  Kirke (D:15)
  A deep elf high priest (D:12)
  A yaktaur captain (D:12)
  A death knight (D:13)
  5 centaur warriors
  A catoblepas (D:14)
  2 boulder beetles
  2 two-headed ogres
  Amaemon (D:8)
  A skeletal warrior (D:13)
  An orc knight (D:13)
  A deep elf pyromancer (D:13)
  2 manticores
  4 cyclopes
  16 ugly things
  An orange demon (D:8)
  Maggie (D:8)
  A gargoyle (D:14)
  2 unseen horrors
  2 komodo dragons
  An efreet (D:14)
  3 trolls
  Sigmund (D:4)
  A shadow (D:7)
  4 slime creatures
  4 wraiths
  A hog (D:15)
  3 wyverns
  12 humans (D:13)
  7 yaks
  5 vampire mosquitoes
  Menkaure (D:4)
  An acid dragon (D:11)
  4 orc warriors
  A black bear (D:5)
  3 ice beasts
  A sky beast (D:7)
  8 centaurs
  9 ogres
  3 kobold brigands
  4 bullfrogs
  A gnoll sergeant (D:12)
  A scorpion (D:4)
  6 wights (D:8)
  9 howler monkeys
  A jelly (D:5)
  3 bombardier beetles
  2 hounds (D:6)
  5 orc priests
  3 iguanas
  Ijyb (D:3)
  6 orc wizards
  10 gnolls
  8 adders
  4 shadow imps (D:4)
  6 white imps
  9 ufetubi
  3 dart slugs
  2 ribbon worms
  30 orcs
  7 ball pythons
  3 endoplasms
  6 giant cockroaches
  8 goblins
  5 hobgoblins
  7 jackals
  4 quokkas
  2 bats
  2 frilled lizards (D:2)
  20 kobolds
  A rat (D:2)
300 creatures vanquished.

Vanquished Creatures (collateral kills)
  Louise (D:14)
  A boulder beetle (D:12)
  A centaur warrior (D:14)
  Lodul (D:13)
  An arcanist (D:13)
  3 cyclopes
  5 ugly things (D:14)
  An efreet (D:13)
  A vampire (D:12)
  2 yaks (D:12)
  2 humans (D:13)
  2 wraiths (D:13)
  2 steam dragons (D:7)
  2 vampire mosquitoes
  A water moccasin (D:7)
  4 orc warriors
  A sky beast (D:8)
  An ogre (D:13)
  2 centaurs (D:14)
  2 bullfrogs
  A scorpion (D:6)
  2 wights (D:8)
  2 orc priests (D:9)
  A gnoll bouda (D:7)
  2 orc wizards
  3 orcs
  3 kobolds
50 creatures vanquished.

Vanquished Creatures (others)
  2 sphinxes (D:12)
  An efreet (D:14)
  17 knights
20 creatures vanquished.

Grand Total: 370 creatures vanquished

Notes
Turn   | Place    | Note
-------+----------+-------------------------------------------
     0 | D:1      | Newt the Kobold Hunter began the quest for the Orb.
     0 | D:1      | Reached XP level 1. HP: 12/12 MP: 1/1
   103 | D:1      | Reached XP level 2. HP: 18/18 MP: 2/2
   390 | D:1      | Reached XP level 3. HP: 23/23 MP: 3/3
   871 | D:2      | Found Wesin's Magic Scroll Emporium.
   882 | D:2      | Bought a scroll of identify for 24 gold pieces
   945 | D:2      | Reached XP level 4. HP: 30/30 MP: 4/4
  1677 | D:3      | Reached skill level 5 in Fighting
  1784 | D:3      | Noticed Ijyb
  1797 | D:3      | Killed Ijyb
  1798 | D:3      | Reached skill level 6 in Ranged Weapons
  1798 | D:3      | Reached XP level 5. HP: 18/35 MP: 5/5
  2449 | D:3      | Found a faded altar of an unknown god.
  2661 | D:4      | Noticed Menkaure
  2667 | D:4      | Killed Menkaure
  2668 | D:4      | Reached skill level 7 in Ranged Weapons
  2668 | D:4      | Reached XP level 6. HP: 21/40 MP: 6/6
  2738 | D:4      | Reached skill level 8 in Ranged Weapons
  3046 | D:4      | Reached XP level 7. HP: 43/44 MP: 7/7
  3154 | D:4      | Reached skill level 9 in Ranged Weapons
  3326 | D:4      | Found a hazy altar of Hepliaklqana.
  3328 | D:4      | Found an opulent altar of Gozag.
  3332 | D:4      | Became a worshipper of Hepliaklqana the Forgotten
  3559 | D:4      | Noticed Sigmund
  3565 | D:4      | Killed Sigmund
  3566 | D:4      | Reached skill level 5 in Dodging
  3759 | D:5      | Entered Level 5 of the Dungeon
  3766 | D:5      | Reached XP level 8. HP: 51/51 MP: 8/8
  3982 | D:5      | Found a staircase to the Ecumenical Temple.
  4094 | D:5      | Got Hazuw's Compendium of Terra Firma
  4175 | D:5      | Found an ancient bone altar of Kikubaaqudgha.
  4416 | D:6      | Found a white marble altar of Elyvilon.
  4467 | D:6      | Reached * piety under Hepliaklqana
  4498 | D:6      | Found an ornate altar of the Wu Jian Council.
  4573 | D:6      | Reached skill level 10 in Ranged Weapons
  4617 | D:6      | Reached XP level 9. HP: 53/53 MP: 9/9
  5028 | D:6      | Reached ** piety under Hepliaklqana
  5029 | D:6      | Remembered your ancestor Arsinoe as a knight
  5080 | D:6      | Reached skill level 11 in Ranged Weapons
  5357 | D:6      | Killed an unseen horror
  5358 | D:6      | Reached skill level 12 in Ranged Weapons
  5695 | D:7      | Reached skill level 13 in Ranged Weapons
  6045 | D:7      | Reached XP level 10. HP: 57/57 MP: 10/10
  6066 | D:7      | Reached skill level 1 in Evocations
  6279 | D:7      | Found an iron altar of Okawaru.
  6282 | D:7      | Found a sacrificial altar of Ru.
  6436 | D:8      | Noticed a two-headed ogre
  6445 | D:8      | Killed a two-headed ogre
  6446 | D:8      | Reached skill level 1 in Invocations
  6556 | D:8      | Found Mauw's Book Shoppe.
  6606 | D:8      | Noticed an orange demon
  6607 | D:8      | Noticed Amaemon
  6614 | D:8      | Killed an orange demon
  6620 | D:8      | Killed Amaemon
  6998 | D:8      | Noticed Maggie
  7002 | D:8      | Reached XP level 11. HP: 54/61 MP: 16/16
  7011 | D:8      | Killed Maggie
  7123 | D:9      | Reached *** piety under Hepliaklqana
  7176 | D:9      | Gained mutation: You have a pair of small horns on your
                  | head. [potion of mutation]
  7176 | D:9      | Gained mutation: You occasionally shout uncontrollably at
                  | your foes. [potion of mutation]
  7177 | D:9      | Lost mutation: You occasionally shout uncontrollably at
                  | your foes. [potion of mutation]
  7177 | D:9      | Lost mutation: You have a pair of small horns on your head.
                  | [potion of mutation]
  7177 | D:9      | Gained mutation: You have a somewhat thin skeletal
                  | structure. (Dex +2, Stealth+) [potion of mutation]
  7352 | D:9      | Found a staircase to the Orcish Mines.
  8315 | D:10     | Entered Level 10 of the Dungeon
  8452 | D:10     | Reached skill level 5 in Stealth
  8550 | D:10     | Noticed a centaur warrior
  8565 | D:10     | Killed a centaur warrior
  8791 | D:10     | Found a staircase to the Lair.
  8914 | D:10     | Reached skill level 14 in Ranged Weapons
  9495 | D:11     | Found Beicet's Book Boutique.
  9495 | D:11     | Noticed a walking divine tome
  9495 | D:11     | Noticed a walking divine tome
  9533 | D:11     | Reached skill level 15 in Ranged Weapons
  9653 | D:11     | Bought a book of the Hunter for 312 gold pieces
  9844 | D:11     | Found a glowing golden altar of the Shining One.
  9921 | D:11     | Found Taugo's General Store.
  9926 | D:11     | Bought 2 potions of heal wounds for 140 gold pieces
  9926 | D:11     | Bought a scroll of identify for 28 gold pieces
 10069 | D:12     | Reached **** piety under Hepliaklqana
 10148 | D:12     | Reached XP level 12. HP: 62/65 MP: 18/18
 10203 | D:12     | Reached skill level 1 in Spellcasting
 10203 | D:12     | Reached skill level 1 in Hexes
 10203 | D:12     | Reached skill level 1 in Translocations
 10367 | D:12     | Noticed a boulder beetle
 10694 | D:12     | Identified the +0 leather armour of Baldness {rPois Regen+
                  | Str-5 Int+5}
 10978 | D:12     | Noticed a boulder beetle
 11006 | D:12     | Killed a boulder beetle
 11298 | D:12     | Noticed a centaur warrior
 11305 | D:12     | Killed a centaur warrior
 11331 | D:12     | Found a runed translucent door.
 11331 | D:12     | Noticed a sphinx
 11339 | D:12     | Noticed a yaktaur captain
 11342 | D:12     | Noticed a deep elf high priest
 11346 | D:12     | Noticed a sphinx
 11697 | D:12     | Killed a deep elf high priest
 11704 | D:12     | Killed a sphinx
 11706 | D:12     | Killed a sphinx
 11717 | D:12     | Killed a yaktaur captain
 11783 | D:12     | Identified the +3 halberd "Siugoury" {freeze, ^Drain rF+
                  | Int+7}
 11905 | D:12     | Killed a boulder beetle
 11906 | D:12     | Reached skill level 5 in Spellcasting
 11906 | D:12     | Reached skill level 5 in Hexes
 11906 | D:12     | Reached skill level 5 in Translocations
 11911 | D:12     | Learned a level 4 spell: Dimensional Bullseye
 12122 | D:13     | Reached XP level 13. HP: 70/70 MP: 21/21
 12197 | D:13     | Found a hazy altar of Hepliaklqana.
 12328 | D:13     | Noticed Jorgrun
 12337 | D:13     | Killed Jorgrun
 12641 | D:13     | Noticed Lodul
 12646 | D:13     | Killed Lodul
 12672 | D:13     | Noticed a centaur warrior
 12721 | D:13     | Killed a centaur warrior
 12998 | D:13     | Found a gate to the Vaults.
 13668 | D:14     | HP: 3/70 [white ugly thing (19)]
 13675 | D:14     | Reached ***** piety under Hepliaklqana
 13693 | D:14     | Noticed a centaur warrior
 13703 | D:14     | Killed a centaur warrior
 14034 | D:14     | Reached XP level 14. HP: 42/75 MP: 18/26
 14619 | D:14     | Noticed Louise
 15013 | D:14     | Killed Louise
 15042 | D:14     | Identified the +1 shortbow of Destruction {freeze, Fly
                  | Dex+3}
 15738 | D:15     | Entered Level 15 of the Dungeon
 16226 | D:15     | Noticed Kirke
 16241 | D:15     | Killed Kirke
 16383 | D:15     | Reached skill level 16 in Ranged Weapons
 16402 | D:15     | Noticed Rupert
 16476 | D:15     | Slain by Rupert

Illustrated notes

Levels and vault maps discovered:
D:1:      minmay_arrival_nine_rooms, layout_basic
D:2:      layout_rooms, serial_shops, nicolae_shop_waterfront,
          minmay_misc_feat_square, dk_noncrumbling_3
D:3:      layout_basic, dreamdust_ecumenical_altar_angels_and_demons,
          kennysheep_generic_room_5, uniq_ijyb
D:4:      layout_loops_ring, grunt_temple_overflow_open, serial_demonic,
          serial_demonic_g, serial_demonic_a, serial_demonic_f,
          serial_demonic_b, serial_demonic_d, serial_demonic_a,
          minmay_crossroads, uniq_sigmund, uniq_menkaure
D:5:      layout_rooms, amcnicky_altar_gilded, minmay_temple_entry_grid
D:6:      layout_cave_pods, nicolae_wu_jian_wuxing_cycle,
          mainiacjoe_overflow_chevrons, minmay_misc_feat_encased,
          minmay_small_thing
D:7:      layout_cave_pools, jmf_multi_god_temple, chequers_serial_rivers_room_a
D:8:      layout_rooms, serial_shops, nicolae_shop_tiny_real_fake_doors,
          uniq_maggie, uniq_amaemon
D:9:      layout_long_grid, minmay_orc_entry_temple_small,
          serial_co_window_serial, co_window_corner_a, co_window_corner_a,
          co_window_paths_b, co_window_paths_a, co_window_paths_a,
          co_window_broadway_c, co_window_cross_2, co_window_cross_3,
          co_window_corner_b, co_window_unsneaky_path_b, glass_columns_b,
          glass_columns_b, glass_columns_c, glass_columns_a,
          serial_bayou_crossing
D:10:     layout_rooms, david_lair_shrubbed, serial_rivers,
          chequers_serial_rivers_micro_c, chequers_serial_rivers_micro_d,
          chequers_serial_rivers_small_b, chequers_serial_rivers_large_a
D:11:     layout_roguey, serial_shops, shop, nicolae_shop_mannequins, tso_altar
D:12:     layout_basic, minmay_hidden_floor
D:13:     layout_gridville, david_vaults_3, nicolae_hepliaklqana_hazy_memory,
          uniq_jorgrun, uniq_lodul
D:14:     lemuel_ice_spiral_2, layout_stronghold, nrook_mini_backslash,
          uniq_louise
D:15:     hangedman_depths_entry_civil_slaughter, layout_loops_ring, uniq_kirke,
          uniq_rupert

Skill      XL: |  1  2  3  4  5  6  7  8  9 10 11 12 13 14 |
---------------+-------------------------------------------+-----
Fighting       | 3 4 5 8 |  8.0
Ranged Weapons | 6 7 8 9 10 13 15 16 | 16.1
Dodging        | 5 7 8 |  8.0
Evocations     | 6 |  6.0
Invocations    | 7 9 |  9.0
Stealth        | 6 |  6.0
Spellcasting   | 5 8 9 |  9.6
Hexes          | 5 8 9 |  9.4
Translocations | 5 8 9 |  9.4

Action                     |  1- 3 |  4- 6 |  7- 9 | 10-12 | 13-15 || total
---------------------------+-------+-------+-------+-------+-------++-------
  Melee: Shortbow          |       |       |       |     2 |       ||     2
   Fire: Shortbow          |    83 |   134 |   251 |   684 |   588 ||  1740
   Cast: Dimensional Bulls |       |       |       |       |     6 ||     6
 Invoke: Ancestor Life: Kn |       |       |     1 |       |       ||     1
         Recall Ancestor   |       |       |       |     3 |     7 ||    10
         Idealise          |       |       |       |       |     2 ||     2
  Evoke: Wand              |       |       |       |     3 |    22 ||    25
    Use: Scroll            |     7 |    11 |     3 |     8 |     6 ||    35
         Potion            |       |     1 |     1 |     4 |     3 ||     9
 Armour: Leather armour    |    13 |    59 |    60 |    59 |       ||   191
         Troll leather arm |       |       |       |    38 |   150 ||   188
  Dodge: Dodged            |    20 |    67 |   114 |   190 |   171 ||   562

Table legend: (Time is in decaauts)
 A = Elapsed time spent in this place.
 B = Non-inter-level travel time spent in this place.
 C = Inter-level travel time spent in this place.
 D = Time resting spent in this place.
 E = Time spent auto-exploring this place.
 F = Levels seen in this place.
 G = Mean time per level.
                   A        B        C        D        E       F      G
               +--------+--------+--------+--------+--------+-----+--------+
         Total |  16221 |  15715 |    506 |   2151 |  11175 |  15 | 1081.4 |
       Dungeon |  16221 |  15715 |    506 |   2151 |  11175 |  15 | 1081.4 |
               +--------+--------+--------+--------+--------+-----+--------+

Top non-repeatable levels by time:
    D:14: 2519 daAuts
    D:12: 1745 daAuts
    D:13: 1650 daAuts
     D:9: 1194 daAuts
     D:4: 1132 daAuts
     D:6: 1106 daAuts
     D:3: 1065 daAuts
    D:10: 1058 daAuts
     D:7: 1051 daAuts
     D:1: 881 daAuts
    D:11: 728 daAuts
     D:2: 709 daAuts
     D:8: 608 daAuts
     D:5: 544 daAuts
    D:15: 223 daAuts
